Match 41875747
Unlisted

Match 41875747
End
Selects Airborne Battlegroup
Selects Airborne Battlegroup
Selects Heavy Machine Gun Paradrop
Heavy Machine Gun Paradrop
Construct Weapon Support Center
Bazooka Squad
Heavy Machine Gun Paradrop
Mechanized Support Center
Engineer Squad
Selects Paratrooper Squad Paradrop
Paratrooper Squad Paradrop
Construct Tank Depot
Selects Recon Loiter
Selects Supply Drop
Supply Drop
M4A1 Sherman Medium Tank
Supply Drop
Paratrooper Squad Paradrop
M4A1 Sherman Medium Tank
Supply Drop
M4A1 76mm Conversion
Selects Carpet Bombing Run
Carpet Bombing Run
Supply Drop
Improvised Armor
Paratrooper Squad Paradrop
Engineer Squad
Designate Forward Repair Station
Selects Anti-tank Gun Team Paradrop
Scout Squad
M4A1(76) Sherman Medium Tank
Carpet Bombing Run
Recon Loiter
STALKER4732
EpikSkillz
John Mortar
Devochkin
rmsi
Королева PizdаliSov
Sanchorus
WrebbsJohnsonGiver
0
0

Comments sign in to comment!

No comments posted yet!